 Dungeon Crawl Stone Soup version 0.26-a0-664-gc8b27b8fc1 (webtiles) character file.

Game seed: 12863003067975594238

6237 Gargoyl the Fighter (level 10, -10/82 HPs)
             Began as a Gnoll Abyssal Knight on Oct 13, 2020.
             Was an Elder of Lugonu.
             Mangled by a freezing wraith (15 damage)
             ... on level 9 of the Dungeon.
             The game lasted 00:12:11 (8715 turns).

Gargoyl the Fighter (Gnoll Abyssal Knight)          Turns: 8715, Time: 00:12:11

Health: -10/82     AC: 17    Str: 22    XL:     10   Next: 93%
Magic:  14/18      EV: 18    Int: 14    God:    Lugonu [****..]
Gold:   440        SH: 11    Dex: 21    Spells: 20/20 levels left

rFire    . . .     SeeInvis .   v - +7 whip "Nethreab" {freeze, Dex+6}
rCold    . . .     Faith    .   n - +0 kite shield
rNeg     + . .     Spirit   .   w - +4 ring mail {rN+}
rPois    .         Reflect  .   s - +2 helmet
rElec    .         Harm     .   y - +2 cloak {Stlth+}
rCorr    .         Rampage  .   (no gloves)
MR       +....                  (no boots)
Stlth    +++.......             (no amulet)
HPRegen  0.23/turn              k - ring of Voippen {EV+4 Str+4}
MPRegen  0.16/turn              h - ring of protection from magic

@: slowed, very slow
A: distributed training, fangs 1, strong nose
a: Depart the Abyss, Bend Space, Banish, Corrupt, Renounce Religion


You were on level 9 of the Dungeon.
You worshipped Lugonu.
Lugonu was greatly pleased with you.
You visited 1 branch of the dungeon, and saw 9 of its levels.
You visited the Abyss 1 time.

You collected 440 gold pieces.

Inventory:

Hand Weapons
 a - a +1 hand axe
 e - a +4 war axe
 v - the +7 whip "Nethreab" (weapon) {freeze, Dex+6}
   (You found it on level 4 of the Dungeon)

   It has been specially enchanted to freeze those struck by it, causing extra
   injury to most foes and up to half again as much damage against particularly
   susceptible opponents.
   It can also slow down cold-blooded creatures.
   It affects your dexterity (+6).
Missiles
 q - 46 poisoned darts (quivered)
Armour
 n - a +0 kite shield (worn)
 s - a +2 helmet (worn)
 w - a +4 ring mail of positive energy (worn)
 y - a +2 cloak of stealth (worn)
Jewellery
 h - a ring of protection from magic (right hand)
 k - the ring of Voippen (left hand) {EV+4 Str+4}
   (You acquired it on level 8 of the Dungeon)

   [ring of evasion]

   It affects your evasion (+4).
   It affects your strength (+4).
 B - an uncursed ring of protection from cold
Wands
 g - a wand of polymorph (14)
 E - a wand of iceblast (4)
 F - a wand of flame (32)
 G - a wand of random effects (18)
 H - a wand of paralysis (10)
Scrolls
 c - 4 scrolls of remove curse
 i - 8 scrolls of teleportation
 o - a scroll of enchant weapon
 p - 2 scrolls of identify
 z - a scroll of fog
 C - a scroll of enchant armour
 D - a scroll of acquirement
Potions
 b - 3 potions of flight
 d - 2 potions of mutation {unknown}
 f - 4 potions of curing
 j - 3 potions of haste
 l - a potion of brilliance {unknown}
 m - 2 potions of might {unknown}
 r - 2 potions of degeneration {unknown}
 t - 2 potions of heal wounds {unknown}
 u - 4 potions of lignification {unknown}
 x - 3 potions of magic {unknown}
 A - a potion of ambrosia {unknown}
 I - a potion of cancellation {unknown}


   Skills:
 + Level 8.8 Fighting
 + Level 5.7 Short Blades
 + Level 5.7 Long Blades
 + Level 7.4 Axes
 + Level 5.7 Maces & Flails
 + Level 5.7 Polearms
 + Level 5.7 Staves
 + Level 5.7 Slings
 + Level 5.7 Bows
 + Level 5.7 Crossbows
 + Level 5.7 Throwing
 + Level 7.4 Armour
 + Level 6.3 Dodging
 + Level 5.7 Stealth
 + Level 5.7 Shields
 + Level 5.7 Unarmed Combat
 + Level 5.7 Spellcasting
 + Level 4.7 Conjurations
 + Level 4.7 Hexes
 + Level 4.7 Summonings
 + Level 4.7 Necromancy
 + Level 4.7 Translocations
 + Level 4.7 Transmutations
 + Level 4.7 Fire Magic
 + Level 4.7 Ice Magic
 + Level 4.7 Air Magic
 + Level 4.7 Earth Magic
 + Level 4.7 Poison Magic
 + Level 7.9 Invocations
 + Level 5.7 Evocations


You had 20 spell levels left.
You didn't know any spells.
Your spell library was empty.

Dungeon Overview and Level Annotations

Branches:
Dungeon (9/15)             Temple (0/1) D:6
   Lair: D:8-11         Orc: D:9-12

Altars:
Dithmenos
Elyvilon
Fedhas
Gozag
Kikubaaqudgha
Makhleb
Sif Muna
Vehumet
Xom
Yredelemnul
Zin
The Shining One

Shops:
D:8 :


Innate Abilities, Weirdness & Mutations

Your experience applies equally to all skills.
You have very sharp teeth.
Your uncanny sense of smell can sniff out nearby items.


Message History

You hit the freezing wraith. Your bite misses the freezing wraith.
The freezing wraith is lightly damaged.
The freezing wraith hits you but does no damage. x2
You hit the freezing wraith but do no damage.
The freezing wraith is lightly damaged.
You block the freezing wraith's attack. The freezing wraith barely misses you.
You block the freezing wraith's attack.
The freezing wraith hits you but does no damage.
You hit the freezing wraith but do no damage.
You bite the freezing wraith, but do no damage.
The freezing wraith is lightly damaged.
The freezing wraith hits you! The freezing wraith freezes you!!
* * * LOW HITPOINT WARNING * * *
The freezing wraith barely misses you.
You hit the freezing wraith.
The freezing wraith is lightly damaged.
The freezing wraith hits you.
* * * LOW HITPOINT WARNING * * *
The freezing wraith freezes you!
You die...

.......###............#######
.......#...##########......#
########)..#..#..#..'......#
∆ ....#..'..'..#......# ..
##'#######......+ #..#
∆+..#......# #..#∆
#$.#......# ##'####'##.####+#
#..'8@W..#.. #..#.8#..#..
##########


You could see a freezing wraith.

Vanquished Creatures
  2 two-headed ogres
  A wretched star (Abyss:2)
  Pikel (D:6)
  An ugly thing (D:8)
  Prince Ribbit (D:8)
  A redback (shapeshifter) (D:9)
  A wyvern (D:8)
  A steam dragon (D:8)
  A black bear (D:5)
  2 ice beasts
  2 ogres
  A phantom (D:8)
  A wolf (D:8)
  A centaur (D:8)
  A big kobold (D:3)
  4 bullfrogs
  A gnoll sergeant (D:8)
  A small abomination (Abyss:2)
  3 scorpions
  A howler monkey (D:6)
  2 hounds
  4 jellies
  A centaur zombie (D:8)
  Crazy Yiuf (D:3)
  2 orc priests (D:6)
  A centaur skeleton (D:5)
  A gnoll shaman (D:8)
  Jessica (D:3)
  An iguana (D:5)
  Ijyb (D:3)
  3 orc wizards (D:6)
  6 worker ants
  A killer bee zombie (D:8)
  Robin (D:3)
  4 gnolls (D:8)
  8 adders
  A howler monkey skeleton (D:9)
  4 white imps
  2 ufetubi
  5 oozes
  3 adder skeletons (D:4)
  2 worms
  3 dart slugs
  3 leopard geckos
  10 orcs
  8 bats
  A giant cockroach (D:3)
  15 goblins
  11 hobgoblins
  9 jackals
  3 quokkas
  2 ball pythons
  4 frilled lizards
  5 kobolds
  A leopard gecko zombie (D:5)
  A quokka skeleton (D:5)
  10 rats
169 creatures vanquished.

Vanquished Creatures (others)
  A gnoll (D:8)
1 creature vanquished.

Grand Total: 170 creatures vanquished

Notes
Turn   | Place    | Note
-------+----------+-------------------------------------------
     0 | Abyss:1  | Gargoyl the Gnoll Abyssal Knight began the quest for the
                  | Orb.
     0 | Abyss:1  | Reached XP level 1. HP: 23/23 MP: 3/3
    65 | Abyss:2  | Found a corrupted altar of Lugonu.
   136 | Abyss:2  | Noticed a small abomination
   153 | Abyss:2  | Killed a small abomination
   153 | Abyss:2  | Reached skill level 1 in Short Blades
   153 | Abyss:2  | Reached skill level 1 in Long Blades
   153 | Abyss:2  | Reached skill level 1 in Maces & Flails
   153 | Abyss:2  | Reached skill level 1 in Polearms
   153 | Abyss:2  | Reached skill level 1 in Staves
   153 | Abyss:2  | Reached skill level 1 in Slings
   153 | Abyss:2  | Reached skill level 1 in Bows
   153 | Abyss:2  | Reached skill level 1 in Crossbows
   153 | Abyss:2  | Reached skill level 1 in Throwing
   153 | Abyss:2  | Reached skill level 1 in Stealth
   153 | Abyss:2  | Reached skill level 1 in Shields
   153 | Abyss:2  | Reached skill level 1 in Unarmed Combat
   153 | Abyss:2  | Reached skill level 1 in Spellcasting
   153 | Abyss:2  | Reached skill level 1 in Evocations
   153 | Abyss:2  | Reached XP level 2. HP: 18/29 MP: 5/5
   153 | Abyss:2  | Reached XP level 3. HP: 22/35 MP: 6/6
   159 | Abyss:2  | Noticed a raiju
   164 | Abyss:2  | Noticed a wretched star
   179 | Abyss:2  | Noticed a raiju
   180 | Abyss:2  | Killed a wretched star
   180 | Abyss:2  | Reached skill level 7 in Fighting
   180 | Abyss:2  | Reached skill level 5 in Axes
   180 | Abyss:2  | Reached skill level 5 in Armour
   180 | Abyss:2  | Reached skill level 5 in Invocations
   180 | Abyss:2  | Reached XP level 4. HP: 30/34 MP: 4/6
   180 | Abyss:2  | Reached XP level 5. HP: 34/38 MP: 4/7
   180 | Abyss:2  | Reached XP level 6. HP: 39/44 MP: 4/8
   180 | Abyss:2  | Reached XP level 7. HP: 43/48 MP: 4/8
   184 | D:1      | Escaped the Abyss
  1687 | D:2      | Reached * piety under Lugonu
  2656 | D:3      | Noticed Robin
  2663 | D:3      | Reached ** piety under Lugonu
  2677 | D:3      | Killed Robin
  3042 | D:3      | Found a radiant altar of Vehumet.
  3102 | D:3      | Found a runed translucent door.
  3103 | D:3      | Noticed Crazy Yiuf
  3190 | D:3      | Noticed Jessica
  3204 | D:3      | Killed Jessica
  3206 | D:3      | Reached XP level 8. HP: 47/60 MP: 12/12
  3365 | D:3      | Found a shadowy altar of Dithmenos.
  3365 | D:3      | Noticed Ijyb
  3470 | D:3      | Killed Ijyb
  3478 | D:3      | Found a shimmering blue altar of Sif Muna.
  3496 | D:3      | Found a white marble altar of Elyvilon.
  3497 | D:3      | Found an ancient bone altar of Kikubaaqudgha.
  3498 | D:3      | Found a shimmering altar of Xom.
  3499 | D:3      | Found a glowing silver altar of Zin.
  3501 | D:3      | Found a blossoming altar of Fedhas.
  3610 | D:3      | Killed Crazy Yiuf
  4305 | D:4      | Got a transparent whip
  4306 | D:4      | Identified the +7 whip "Nethreab" {freeze, Dex+6} (You
                  | found it on level 4 of the Dungeon)
  4594 | D:5      | Entered Level 5 of the Dungeon
  4781 | D:5      | Reached *** piety under Lugonu
  4811 | D:5      | Found a burning altar of Makhleb.
  5621 | D:6      | Found a glowing golden altar of the Shining One.
  5640 | D:6      | Found a basalt altar of Yredelemnul.
  5642 | D:6      | Noticed a profane servitor
  5669 | D:6      | Found a staircase to the Ecumenical Temple.
  5733 | D:6      | Reached XP level 9. HP: 60/72 MP: 14/14
  6149 | D:6      | Noticed Pikel
  6173 | D:6      | Killed Pikel
  6173 | D:6      | Reached skill level 5 in Dodging
  6358 | D:6      | Found an opulent altar of Gozag.
  6848 | D:7      | Reached skill level 8 in Fighting
  7060 | D:8      | Identified 2 scrolls of acquirement
  7060 | D:8      | Acquired the ring of Voippen {EV+4 Str+4}
  7289 | D:8      | Noticed a two-headed ogre
  7328 | D:8      | Killed a two-headed ogre
  7328 | D:8      | Reached XP level 10. HP: 26/80 MP: 15/17
  7342 | D:8      | Reached skill level 5 in Short Blades
  7342 | D:8      | Reached skill level 5 in Long Blades
  7342 | D:8      | Reached skill level 5 in Maces & Flails
  7342 | D:8      | Reached skill level 5 in Polearms
  7342 | D:8      | Reached skill level 5 in Staves
  7342 | D:8      | Reached skill level 5 in Slings
  7342 | D:8      | Reached skill level 5 in Bows
  7342 | D:8      | Reached skill level 5 in Crossbows
  7342 | D:8      | Reached skill level 5 in Throwing
  7342 | D:8      | Reached skill level 5 in Stealth
  7342 | D:8      | Reached skill level 5 in Shields
  7342 | D:8      | Reached skill level 5 in Unarmed Combat
  7342 | D:8      | Reached skill level 5 in Spellcasting
  7342 | D:8      | Reached skill level 5 in Evocations
  7726 | D:8      | Found Yleg's Book Boutique.
  7747 | D:8      | Noticed Prince Ribbit
  7747 | D:8      | Noticed a brown ugly thing
  7759 | D:8      | Killed a brown ugly thing
  7769 | D:8      | Killed Prince Ribbit
  7809 | D:8      | Reached **** piety under Lugonu
  8323 | D:9      | Noticed a two-headed ogre
  8335 | D:9      | Killed a two-headed ogre
  8455 | D:9      | Found a runed translucent door.
  8456 | D:9      | Noticed a boulder beetle
  8483 | D:9      | Banished a boulder beetle
  8697 | D:9      | Noticed a mana viper
  8697 | D:9      | a troll changed into a mana viper
  8703 | D:9      | a mana viper changed into a redback
  8715 | D:9      | Mangled by a freezing wraith

Illustrated notes

Levels and vault maps discovered:
D:1:      matt_arrival_grand_opening, layout_basic
D:2:      layout_loops_ring
D:3:      layout_rooms, minitemple, vehumet_crystals, gup_sewer_entry_glass,
          uniq_jessica, uniq_ijyb, uniq_robin, uniq_crazy_yiuf_cottage
D:4:      layout_loops_corners, minivault_25, kennysheep_boxes
D:5:      black_bear_nest_1, layout_loops_ring, overflow_temple_1_default
D:6:      layout_loops_corners, grunt_temple_overflow_holy_war,
          minmay_temple_entry_junction, grunt_gozag_breadcrumbs, uniq_pikel
D:7:      layout_gridville
D:8:      layout_cave_pools, serial_gnoll_camp, gnoll_camp_mini_house,
          gnoll_camp_mini_shop, gnoll_camp_mini_hut, gnoll_camp_mini_hut,
          uniq_prince_ribbit1
D:9:      layout_grid_maze, kennysheep_little_box, basic_altar, minivault_13

Skill      XL: |  1  2  3  4  5  6  7  8  9 10 |
---------------+-------------------------------+-----
Short Blades   | 1 2 3 4 5 |  5.7
Long Blades    | 1 2 3 4 5 |  5.7
Maces & Flails | 1 2 3 4 5 |  5.7
Polearms       | 1 2 3 4 5 |  5.7
Staves         | 1 2 3 4 5 |  5.7
Slings         | 1 2 3 4 5 |  5.7
Bows           | 1 2 3 4 5 |  5.7
Crossbows      | 1 2 3 4 5 |  5.7
Throwing       | 1 2 3 4 5 |  5.7
Stealth        | 1 2 3 4 5 |  5.7
Shields        | 1 2 3 4 5 |  5.7
Unarmed Combat | 1 2 3 4 5 |  5.7
Spellcasting   | 1 2 3 4 5 |  5.7
Evocations     | 1 2 3 4 5 |  5.7
Fighting       | 7 8 |  8.8
Axes           | 5 6 7 |  7.4
Armour         | 5 6 7 |  7.4
Dodging        | 3 4 5 6 |  6.3
Conjurations   | 2 3 4 |  4.7
Hexes          | 2 3 4 |  4.7
Summonings     | 2 3 4 |  4.7
Necromancy     | 2 3 4 |  4.7
Translocations | 2 3 4 |  4.7
Transmutations | 2 3 4 |  4.7
Fire Magic     | 2 3 4 |  4.7
Ice Magic      | 2 3 4 |  4.7
Air Magic      | 2 3 4 |  4.7
Earth Magic    | 2 3 4 |  4.7
Poison Magic   | 2 3 4 |  4.7
Invocations    | 5 6 7 |  7.9

Action                   |  1- 3 |  4- 6 |  7- 9 | 10-12 || total
-------------------------+-------+-------+-------+-------++-------
Melee: Dagger            |       |       |   108 |       ||   108
       Hand axe          |       |       |   108 |       ||   108
       Bite              |       |       |    59 |    20 ||    79
       Whip              |       |       |   236 |   114 ||   350
       War axe           |       |       |    30 |       ||    30
       Unarmed           |       |       |     6 |       ||     6
Throw: Dart              |       |       |     7 |       ||     7
Invok: Depart the Abyss  |       |       |     1 |       ||     1
       Banish            |       |       |       |     1 ||     1
Evoke: Wand              |     7 |       |     2 |       ||     9
  Use: Scroll            |     2 |       |    19 |       ||    21
       Potion            |       |       |     1 |       ||     1
 Stab: Sleeping          |       |       |    10 |     6 ||    16
       Distracted        |       |       |     1 |       ||     1
Armor: Leather armour    |     1 |       |       |       ||     1
       Ring mail         |       |       |   184 |    30 ||   214
Dodge: Dodged            |     2 |       |   252 |    55 ||   309
Block: Kite shield       |       |       |   236 |    48 ||   284

Table legend: (Time is in decaauts)
 A = Elapsed time spent in this place.
 B = Non-inter-level travel time spent in this place.
 C = Inter-level travel time spent in this place.
 D = Time resting spent in this place.
 E = Time spent auto-exploring this place.
 F = Levels seen in this place.
 G = Mean time per level.
                   A        B        C        D        E       F      G
               +--------+--------+--------+--------+--------+-----+--------+
         Total |   8706 |   8520 |    186 |   1108 |   5712 |  11 |  791.5 |
       Dungeon |   8522 |   8336 |    186 |   1108 |   5591 |   9 |  946.9 |
         Abyss |    183 |    183 |      0 |      0 |    121 |   2 |   91.5 |
               +--------+--------+--------+--------+--------+-----+--------+

Top non-repeatable levels by time:
     D:3: 1431 daAuts
     D:1: 1284 daAuts
     D:6: 1250 daAuts
     D:8: 1121 daAuts
     D:2: 866 daAuts
     D:5: 866 daAuts
     D:4: 827 daAuts
     D:9: 530 daAuts
     D:7: 342 daAuts
 Abyss:2: 118 daAuts
 Abyss:1: 65 daAuts
